 Dungeon Crawl Stone Soup version 0.31-a0-188-g5e087ee2ca (webtiles) character file.

Game seed: 2274422492482201563

97 qw the Shooter (level 4, 0/25 HPs)
             Began as a Deep Elf Hunter on June 23, 2023.
             Slain by Grinder (6 damage)
             ... on level 3 of the Dungeon.
             The game lasted 00:00:52 (1916 turns).

qw the Shooter (Deep Elf Hunter)                    Turns: 1916, Time: 00:00:52

Health: 0/25       AC:  5    Str: 10    XL:     4   Next: 42%
Magic:  6/6        EV: 11    Int: 14    God:
Gold:   132        SH:  0    Dex: 18    Spells: 3/3 levels left

rFire   . . .        Y - +0 shortbow
rCold   . . .        (shield currently unavailable)
rNeg    . . .        d - +0 ring mail
rPois   .            (no helmet)
rElec   .            (no cloak)
rCorr   +            (no gloves)
SInv    .            (no boots)
Will    .....        (no amulet)
Stlth   +            b - ring of resist corrosion
HPRegen 0.24/turn    (no ring)
MPRegen 0.10/turn

%: no passive effects
@: no status effects
A: no striking features
a: no special abilities


You were on level 3 of the Dungeon.
You visited 1 branch of the dungeon, and saw 3 of its levels.

You collected 132 gold pieces.


   Skills:
 - Level 1.5 Fighting
 + Level 7.8 Ranged Weapons
 - Level 2.4 Dodging
 - Level 1.2 Stealth


You had 3 spell levels left.
You didn't know any spells.
Your spell library was empty.

Inventory:

Hand Weapons
 Y - a +0 shortbow (weapon)
Armour
 d - a +0 ring mail (worn)
Jewellery
 b - a ring of resist corrosion (left hand)
Scrolls
 a - a scroll of silence {unknown}
 k - a scroll of identify
Potions
 e - a potion of invisibility {unknown}
 h - a potion of mutation {unknown}
 j - a potion of haste {unknown}

Dungeon Overview and Level Annotations

Branches:
Dungeon (3/15)

Altars:

Annotations:
D:3 2 transporters, Grinder; qw's ghost, amateur DEHu


Message History

You kill the rat!
A ball python comes into view.
Enter note: You shoot an arrow.
The arrow hits the ball python!
You kill the ball python!
Found a stone staircase leading down.
Enter note: A giant cockroach comes into view.
The giant cockroach moves out of view.
A phantom comes into view.
Enter note: You shoot an arrow.
The arrow hits the giant cockroach!
You kill the giant cockroach!
You shoot an arrow. The arrow barely misses the phantom.
You shoot an arrow. The arrow hits the phantom.
The phantom is lightly damaged.
You shoot an arrow.
The arrow hits the phantom but does no damage.
The phantom is lightly damaged.
You shoot an arrow.
The arrow hits the phantom but does no damage.
The phantom is lightly damaged.
The phantom hits you.
The phantom blinks!
You blink.
Grinder comes into view.
Enter note: You shoot an arrow.
The arrow barely misses the phantom.
Grinder shouts!
The phantom hits you.
The phantom blinks!
You blink.
Enter note:
Enter note: You shoot an arrow.
The arrow hits the phantom.
The phantom is lightly damaged.
The phantom hits you but does no damage.
You shoot an arrow. The arrow hits the phantom.
The phantom is moderately damaged.
Grinder hits you.
The phantom hits you but does no damage.
You shoot an arrow. The arrow barely misses the phantom.
Grinder hits you.
You writhe in agony.
The phantom misses you. Grinder hits you.
You die...

...###........###.#
###............#...#
#....>.........#.#####
#....%#...............
#.....#........#.####.
#.....................
#.....................
#.....%..............#
#...W@5.........##.#..
###.#..........###.##.
.. ...............#..
## ##..#..............
#..#...........)..
#..# #............
#..# .....#....?. ...#
##......... #.#.......


You could see Grinder and a phantom.

Vanquished Creatures
  An adder (D:2)
  2 worms (D:2)
  3 dart slugs
  5 orcs
  9 ball pythons
  An endoplasm (D:1)
  5 giant cockroaches
  3 goblins
  7 hobgoblins
  9 jackals
  A kobold (D:1)
  2 quokkas
  6 bats
  5 frilled lizards
  3 rats
62 creatures vanquished.

Notes
Turn   | Place    | Note
-------+----------+-------------------------------------------
     0 | D:1      | qw the Deep Elf Hunter began the quest for the Orb.
     0 | D:1      | Reached XP level 1. HP: 12/12 MP: 3/3
     0 | D:1      | 0 ||| qw: Version: 0.3-a-9-g12657ce
     0 | D:1      | 0 ||| qw: Game counter: 4072
     0 | D:1      | 0 ||| qw: Always use a shield: true
     0 | D:1      | 0 ||| qw: God list: Okawaru
     0 | D:1      | 0 ||| qw: Allow faded altars: false
     0 | D:1      | 0 ||| qw: Do Orc after D:15 true
     0 | D:1      | 0 ||| qw: Do second Lair branch before Depths: true
     0 | D:1      | 0 ||| qw: Lair rune preference: random
     0 | D:1      | 0 ||| qw: Plans: Normal
     0 | D:1      | 0 ||| PLANNING D:1-11
   181 | D:1      | Reached XP level 2. HP: 16/16 MP: 4/4
   189 | D:1      | Reached skill level 6 in Ranged Weapons
   437 | D:1      | Reached XP level 3. HP: 20/20 MP: 5/5
   891 | D:1      | 891 ||| UPGRADING to +0 ring mail.
   901 | D:1      | 901 ||| DROPPING +0 leather armour.
   902 | D:1      | 902 ||| DROPPING +6 ring of intelligence.
   903 | D:1      | 903 ||| READING scroll labelled MAHOR OMAQALE.
   904 | D:1      | 904 ||| READING scroll labelled HUYNUD RUUFIAH.
   905 | D:1      | 905 ||| READING 2 scrolls labelled SEYNAT ALAU.
   906 | D:1      | 906 ||| DRINKING 2 white potions.
   907 | D:1      | 907 ||| DROPPING scroll of butterflies.
   909 | D:1      | 909 ||| Stepping ~*~*~tactically~*~*~ (cloud).
   910 | D:1      | 910 ||| DRINKING potion of curing.
   910 | D:1      | 910 ||| (to cure poison)
   912 | D:1      | 912 ||| Stepping ~*~*~tactically~*~*~ (cloud).
  1150 | D:2      | Reached skill level 7 in Ranged Weapons
  1316 | D:2      | Found a faded altar of an unknown god.
  1336 | D:2      | Reached XP level 4. HP: 24/25 MP: 6/6
  1656 | D:2      | 1656 ||| UPGRADING to ring of resist corrosion.
  1657 | D:2      | 1657 ||| READING scroll labelled QAISUMPUJO.
  1658 | D:2      | 1658 ||| READING scroll labelled VAOGOI WOMANK.
  1699 | D:3      | 1699 ||| STAIRDANCE
  1702 | D:2      | HP: 6/25 [orc/+2 hand axe of flaming (1)]
  1809 | D:3      | 1809 ||| FLEEEEING.
  1810 | D:3      | 1810 ||| FLEEEEING.
  1811 | D:3      | 1811 ||| FLEEEEING.
  1812 | D:3      | 1812 ||| STAIRDANCE
  1866 | D:3      | Found a transporter.
  1867 | D:3      | Found a transporter.
  1867 | D:3      | Noticed qw's ghost (amateur DEHu)
  1870 | D:3      | Noticed an ogre
  1907 | D:3      | Noticed a phantom
  1912 | D:3      | Noticed Grinder
  1916 | D:3      | HP: 6/25 [Grinder (3)]
  1916 | D:3      | Slain by Grinder

Levels and vault maps discovered:
D:1:      dpeg_arrival_long_road, layout_loops_corners, minivault_23,
          minmay_strange_pillars, serial_bayou_lake_a
D:2:      layout_loops_ring, ebering_ecumenical_altar_hall
D:3:      layout_rooms, chei_slow_surprise, gammafunk_ghost_arena, uniq_grinder

Skill      XL: |  1  2  3 |
---------------+----------+-----
Ranged Weapons | 6 7 |  7.8
Fighting       | |  1.5
Dodging        | |  2.4
Stealth        | |  1.2

Action                     |  1- 3 |  4- 6 || total
---------------------------+-------+-------++-------
   Fire: Shortbow          |   112 |    63 ||   175
    Use: Scroll            |     3 |     2 ||     5
         Potion            |     2 |       ||     2
 Armour: Ring mail         |    11 |    12 ||    23
  Dodge: Dodged            |    24 |    29 ||    53

Table legend:
 A = Non-vault XP
 B = Vault XP
 C = Vault XP percentage of total XP
 D = Non-vault monster count
 E = Vault monster count
 F = Vault count percentage of total count
                 A         B        C        D         E       F
            +---------+---------+-------+---------+---------+-------
      Total |     139 |       0 |   0.0 |      62 |       0 |   0.0
            +---------+---------+-------+---------+---------+-------
        D:1 |      50 |       0 |   0.0 |      26 |       0 |   0.0
        D:2 |      73 |       0 |   0.0 |      27 |       0 |   0.0
        D:3 |      16 |       0 |   0.0 |       9 |       0 |   0.0
            +---------+---------+-------+---------+---------+-------
